 Dungeon Crawl Stone Soup version 0.31-a0-1068-g5939ac1fb6 (webtiles) character file.

Game seed: 15066551132365873004

146 HornetDC the Grave Robber (level 5, -13/38 HPs)
             Began as a Ghoul Necromancer on Nov 24, 2023.
             Mangled by an ogre
             ... wielding a +0 giant club
              (24 damage)
             ... on level 4 of the Dungeon on Nov 25, 2023.
             The game lasted 00:40:42 (2850 turns).

HornetDC the Grave Robber (Ghoul Necromancer)       Turns: 2850, Time: 00:40:44

Health: -13/38     AC:  8    Str: 12    XL:     5   Next: 28%
Magic:  8/8        EV:  6    Int: 16    God:
Gold:   129        SH:  0    Dex:  9    Spells: 4/9 levels left

rFire   . . .        g - staff of death
rCold   + . .        (no shield)
rNeg    + + +        v - +0 chain mail
rPois   ∞            (no helmet)
rElec   .            (no cloak)
rCorr   .            (no gloves)
SInv    .            (no boots)
Will    .....        l - amulet of magic regeneration Stlth
                     s - ring of flight
HPRegen 0.00/turn    (no ring)
MPRegen 0.51/turn

%: no passive effects
@: flying, very slightly contaminated, inhibited regen
A: claws 1, cold resistance 1, negative energy resistance 3, inhibited
regeneration, torment resistance 2, devour on kill
a: no special abilities


You were on level 4 of the Dungeon.
You visited 1 branch of the dungeon, and saw 4 of its levels.

You collected 129 gold pieces.

Inventory:

Hand Weapons
 p - the +4 hand axe "Tiupaes" {freeze, Fly rN+ Str+5 Dex-4}
   (You found it on level 2 of the Dungeon)

   Str+5:     It affects your strength (+5).
   Dex-4:     It affects your dexterity (-4).
   rN+:       It protects you from negative energy.
   Fly:       It grants you flight.
Missiles
 e - 4 poisoned darts
Armour
 a - a +0 robe
 v - a +0 chain mail (worn)
Magical Staves
 f - a staff of conjuration
 g - a staff of death (weapon)
Jewellery
 l - an amulet of magic regeneration (around neck)
 s - a ring of flight (left claw)
Wands
 u - a wand of paralysis (2)
 x - a wand of flame (22)
 y - a wand of polymorph (9)
Scrolls
 d - 2 scrolls of fear {unknown}
 h - 2 scrolls of teleportation {unknown}
 i - a scroll of fog {unknown}
 j - 5 scrolls of identify {unknown}
 k - 2 scrolls of enchant armour {unknown}
 n - a scroll of poison {unknown}
 o - a scroll of vulnerability {unknown}
 r - 2 scrolls of enchant weapon {unknown}
 t - a scroll of blinking {unknown}
Potions
 b - a potion of magic
 c - 2 potions of degeneration {unknown}
 m - a potion of lignification {unknown}
 q - a potion of mutation {unknown}
 w - a potion of cancellation {unknown}
 z - 2 potions of might {unknown}
 A - 2 potions of curing {unknown}
 B - a potion of heal wounds {unknown}


   Skills:
 - Level 2.1 Dodging
 + Level 3.9 Stealth
 + Level 2.7 Spellcasting
 + Level 4.9 Necromancy


You had 4 spell levels left.
You knew the following spells:

 Your Spells              Type           Power      Damage    Failure   Level
a - Necrotise             Necr           100%       1d9       58%         1
b - Animate Dead          Necr           26%        N/A       100%        4

Your spell library contained the following spells:

 Spells                   Type           Power      Damage    Failure   Level
 Vampiric Draining        Necr           26%        2d7       92%         3
 Freeze                   Ice            8%         1d3       99%         1
 Frozen Ramparts          Ice            4%         1d1       100%        3
 Hailstorm                Conj/Ice       2%         3d3       100%        3
 Agony                    Necr           26%        N/A       100%        5


Dungeon Overview and Level Annotations

Branches:
Dungeon (4/15)
 Temple: D:4-7

Altars:

Shops:
D:1 (


Innate Abilities, Weirdness & Mutations

You are immune to poison.
You have sharp fingernails.
Your flesh is cold resistant. (rC+)
You are immune to negative energy. (rN+++)
You do not regenerate when monsters are visible.
You are immune to unholy pain and torment.
You thrive by killing the living.


Message History

Done exploring.
An adder comes into view.
The adder hisses angrily.
There is a stone staircase leading down here.
You climb downwards.
There is a stone staircase leading up here.
An ogre comes into view. It is wielding a +0 giant club.
The ogre shouts!
You fly up into the air.
s - a ring of flight (left claw)
Casting: Necrotise (safe; 58% risk of failure)
Confirm with . or Enter, or press ? or * to list all spells.
Aiming: Necrotise (safe; 58% risk of failure)
Press: ? - help, Shift-Dir - straight line, f - ogre
Aim: an ogre, wielding a +0 giant club (chance to affect: 83%)
You feel a surge of power!
You miscast Necrotise.
You are very lightly contaminated with residual magic.
Nothing appears to happen.
Casting: Necrotise (safe; 58% risk of failure)
Confirm with . or Enter, or press ? or * to list all spells.
Aiming: Necrotise (safe; 58% risk of failure)
Press: ? - help, Shift-Dir - straight line, f/p - ogre
Aim: an ogre, wielding a +0 giant club (chance to affect: 83%)
You feel a surge of power!
You miscast Necrotise.
Nothing appears to happen.
The ogre attacks as it pursues you!
The ogre hits you with a +0 giant club!!
Ouch! That really hurt!
* * * LOW HITPOINT WARNING * * *
Aiming: Paralyse
Press: ? - help, Shift-Dir - straight line, f/p - ogre
Aim: an ogre, wielding a +0 giant club (chance to affect: 49%)
Okay, then.
The ogre attacks as it pursues you! The ogre closely misses you.
Aiming: Paralyse
Press: ? - help, Shift-Dir - straight line, f/p - ogre
Aim: an ogre, wielding a +0 giant club (chance to affect: 49%)
The ogre resists with some effort.
The ogre hits you with a +0 giant club!!
Ouch! That really hurt!
You die...

#.#
#########.#
..........#
........###
........#
........#
........#
........#
#######@#
#####O#
#.....#
#.##### #.#
#.#
#........
######.O.


You could see an ogre.

Vanquished Creatures
  Ijyb (D:3)
  2 adders
  2 worms
  9 orcs
  8 ball pythons
  9 endoplasms
  3 giant cockroaches (D:1)
  9 goblins
  9 hobgoblins
  2 quokkas (D:1)
  8 bats
  6 frilled lizards
  3 kobolds
  8 rats
79 creatures vanquished.

Vanquished Creatures (collateral kills)
  An endoplasm (D:3)
  A frilled lizard (D:3)
  A kobold (D:1)
  A rat (D:2)
4 creatures vanquished.

Grand Total: 83 creatures vanquished

Notes
Turn   | Place    | Note
-------+----------+-------------------------------------------
     0 | D:1      | HornetDC the Ghoul Necromancer began the quest for the Orb.
     0 | D:1      | Reached XP level 1. HP: 14/14 MP: 2/2
    47 | D:1      | Found Mubboff's Antique Weapon Emporium.
   159 | D:1      | Reached XP level 2. HP: 16/20 MP: 3/3
   527 | D:1      | Reached XP level 3. HP: 23/26 MP: 1/5
  1097 | D:2      | Identified the +4 hand axe "Tiupaes" {freeze, Fly rN+ Str+5
                  | Dex-4}
  1422 | D:2      | Reached XP level 4. HP: 32/33 MP: 4/6
  1493 | D:2      | Learned a level 4 spell: Animate Dead
  2040 | D:3      | Identified the +0 whip of Vymyun {freeze, rN++ MP+9 Str-4
                  | Int+2}
  2074 | D:3      | Noticed Ijyb
  2091 | D:3      | Killed Ijyb
  2092 | D:3      | Reached XP level 5. HP: 17/38 MP: 5/7
  2835 | D:4      | Noticed an ogre
  2850 | D:4      | Mangled by an ogre

Illustrated notes

Levels and vault maps discovered:
D:1:      spicycebolla_arrival_transporter_tutorial, layout_basic, serial_shops,
          nicolae_lakefront_shop, serial_park_tiny_1
D:2:      layout_loops_ring, minmay_tripent
D:3:      layout_basic, uniq_ijyb
D:4:      layout_basic, mainiacjoe_overflow_small_starburst

Skill      XL: |  1  2  3 |
---------------+----------+-----
Dodging        | 2 |  2.1
Spellcasting   | 2 |  2.7
Stealth        | 3 |  3.9
Necromancy     | |  4.9

Action                     |  1- 3 |  4- 6 || total
---------------------------+-------+-------++-------
  Melee: Unarmed           |    29 |       ||    29
         Staff             |    69 |    89 ||   158
         Punch             |     1 |     1 ||     2
   Cast: Necrotise         |    23 |    28 ||    51
  Evoke: Wand              |       |     2 ||     2
   Stab: Sleeping          |     6 |       ||     6
         Paralysed         |       |     5 ||     5
         Distracted        |       |     1 ||     1
 Armour: Robe              |    48 |     7 ||    55
         Chain mail        |       |    78 ||    78
  Dodge: Dodged            |    62 |    31 ||    93

Table legend: (Time is in decaauts)
 A = Elapsed time spent in this place.
 B = Non-inter-level travel time spent in this place.
 C = Inter-level travel time spent in this place.
 D = Time resting spent in this place.
 E = Time spent auto-exploring this place.
 F = Levels seen in this place.
 G = Mean time per level.
                   A        B        C        D        E       F      G
               +--------+--------+--------+--------+--------+-----+--------+
         Total |   2882 |   2850 |     32 |      0 |   1811 |   4 |  720.5 |
       Dungeon |   2882 |   2850 |     32 |      0 |   1811 |   4 |  720.5 |
               +--------+--------+--------+--------+--------+-----+--------+

Top non-repeatable levels by time:
     D:1: 1080 daAuts
     D:3: 969 daAuts
     D:2: 796 daAuts
     D:4: 35 daAuts
